 Dungeon Crawl Stone Soup version 0.30-a0-313-gae38170b09 (webtiles) character file.

Game seed: 17348860758519051254

121 freelancePsychic the Ruffian (level 4, 0/42 HPs)
             Began as a Troll Wanderer on Oct 27, 2022.
             Was a Believer of Zin.
             Slain by an orc
             ... wielding a +0 flail
              (8 damage)
             ... on level 4 of the Dungeon.
             The game lasted 00:02:37 (1970 turns).

freelancePsychic the Ruffian (Troll Wanderer)       Turns: 1970, Time: 00:02:37

Health: 0/42       AC:  4    Str: 21    XL:     4   Next: 76%
Magic:  3/3        EV:  9    Int:  6    God:    Zin [**....]
Gold:   128        SH:  0    Dex: 16    Spells: 3/3 levels left

rFire   . . .      SeeInvis .      - Unarmed
rCold   + . .      Faith    .    (no shield)
rNeg    . . .      Spirit   .    f - +0 robe
rPois   .          Reflect  .    (helmet restricted)
rElec   .          Harm     .    (no cloak)
rCorr   .          Rampage  .    (gloves unavailable)
Will    .....                    (boots unavailable)
Stlth   ++........               (no amulet)
HPRegen 1.07/turn                h - ring "Koutiuwk" {rC+ Dex+4}
MPRegen 0.08/turn                (no ring)

@: no status effects
A: large, unfitting armour, claws 3, regeneration 1, shaggy fur 1, tough skin 1
a: Renounce Religion, Recite, Vitalisation, Donate Gold


You were on level 4 of the Dungeon.
You worshipped Zin.
Zin was pleased with you.
You visited 1 branch of the dungeon, and saw 4 of its levels.

You collected 142 gold pieces.
You donated 14 gold pieces to Zin.

Inventory:

Missiles
 a - 22 stones (quivered)
 p - a throwing net
Armour
 f - a +0 robe (worn)
Jewellery
 h - the ring "Koutiuwk" (left claw) {rC+ Dex+4}
   (You acquired it on level 3 of the Dungeon)

   [ring of protection from cold]

   Dex:       It affects your dexterity (+4).
   rC:        It protects you from cold.
Wands
 d - a wand of polymorph (5)
Scrolls
 b - a scroll of blinking
 j - 4 scrolls of teleportation {@r4}
 l - 2 scrolls of magic mapping
 q - a scroll of immolation {unknown}
 r - a scroll of summoning {unknown}
 s - a scroll of torment {unknown}
 t - a scroll of enchant armour {unknown}
Potions
 c - a potion of berserk rage
 e - a potion of brilliance
 g - 4 potions of curing {unknown}
 k - a potion of ambrosia {unknown}
 m - a potion of invisibility {unknown}
 n - a potion of might {unknown}
 o - a potion of resistance {unknown}


   Skills:
 + Level 1.7 Fighting
 - Level 2.4 Axes
 + Level 1.5 Throwing
 - Level 1.0 Stealth
 * Level 4.5 Unarmed Combat
 - Level 2.1 Evocations


You had 3 spell levels left.
You didn't know any spells.
Your spell library was empty.

Dungeon Overview and Level Annotations

Branches:
Dungeon (4/15)
 Temple: D:4-7

Altars:
Xom
Zin


Innate Abilities, Weirdness & Mutations

You are too large for most types of armour.
You have claws for hands.
Your natural rate of healing is unusually fast.
You are covered in fur. (AC +1)
You have tough skin. (AC +1)


Message History

a +0 flail; 4 gold pieces You closely miss the orc priest.
The orc priest hits you with a +0 whip. The orc barely misses you.
The orc hits you with a +0 flail.
You are too injured to fight recklessly!
You are too injured to fight recklessly!
You are too injured to fight recklessly!
You are too injured to fight recklessly!
You are too injured to fight recklessly!
You are too injured to fight recklessly!
You are too injured to fight recklessly!
You are too injured to fight recklessly!
You are too injured to fight recklessly!
You are too injured to fight recklessly!
You are too injured to fight recklessly!
You are too injured to fight recklessly!
You are too injured to fight recklessly!
You are too injured to fight recklessly!
You are too injured to fight recklessly!
You are too injured to fight recklessly!
You are too injured to fight recklessly!
You scratch the orc priest.
The orc priest is moderately wounded.
The orc priest closely misses you. The orc barely misses you.
The orc hits you with a +0 flail!
You scratch the orc priest but do no damage.
The orc priest is moderately wounded.
The orc priest hits you with a +0 whip. The orc barely misses you.
The orc closely misses you.
You claw the orc priest!
The orc priest is severely wounded.
The orc priest hits you with a +0 whip. The orc hits you with a +0 flail.
The orc closely misses you.
You scratch the orc priest but do no damage.
The orc priest is severely wounded.
The orc priest hits you with a +0 whip.
* * * LOW HITPOINT WARNING * * *
The orc hits you with a +0 trident.
* * * LOW HITPOINT WARNING * * *
The orc hits you with a +0 flail!
You die...

#....# ..
#....###..
#.........
#.[.......
#.........
#.........
#<........
###'#####..
#.)@....#
#.ooo...#
#.......#
#.......#
#.......#
#.......#
#######..
...


You could see an orc priest and 2 orcs.

Vanquished Creatures
  A hound (D:3)
  2 adders
  2 worms
  A dart slug (D:2)
  4 orcs
  6 ball pythons
  8 endoplasms
  5 giant cockroaches
  6 goblins
  2 hobgoblins
  5 kobolds
  2 quokkas
  7 bats
  3 frilled lizards
  4 rats
58 creatures vanquished.

Notes
Turn   | Place    | Note
-------+----------+-------------------------------------------
     0 | D:1      | freelancePsychic the Troll Wanderer began the quest for the
                  | Orb.
     0 | D:1      | freelancePsychic set off with the following items: a +0
                  | hand axe, a scroll of blinking, a potion of berserk rage, a
                  | wand of polymorph (5), a potion of brilliance, a +0 robe.
     0 | D:1      | Reached XP level 1. HP: 16/16 MP: 0/0
   207 | D:1      | Reached XP level 2. HP: 26/26 MP: 1/1
   496 | D:1      | Found a faded altar of an unknown god.
   508 | D:1      | Prayed at the altar of an unknown god.
   508 | D:1      | Became a worshipper of Zin the Law-Giver
   508 | D:1      | Reached * piety under Zin
   590 | D:1      | You fall into a shaft and drop 1 floor!
   696 | D:2      | Reached skill level 1 in Fighting
   696 | D:2      | Reached XP level 3. HP: 26/33 MP: 2/2
   802 | D:2      | Reached skill level 1 in Throwing
   845 | D:2      | Reached skill level 4 in Unarmed Combat
   980 | D:2      | Found a shimmering altar of Xom.
  1230 | D:3      | Reached ** piety under Zin
  1251 | D:3      | Reached XP level 4. HP: 32/41 MP: 3/3
  1472 | D:3      | Identified a scroll of acquirement
  1473 | D:3      | Acquired the ring "Koutiuwk" {rC+ Dex+4}
  1970 | D:4      | Slain by an orc

Illustrated notes

Levels and vault maps discovered:
D:1:      saegor_arrival_simple_b, layout_basic, ebering_ecumenical_altar_mist,
          st_stairs_5, chequers_serial_rivers_room_b
D:2:      layout_basic, basic_altar
D:3:      layout_basic
D:4:      layout_gridville, mainiacjoe_overflow_alcove_1,
          gammafunk_temple_overflow_forgotten, minmay_temple_entry_steel_oval,
          chequers_mini_garden

Skill      XL: |  1  2  3 |
---------------+----------+-----
Fighting       | 1 |  1.7
Throwing       | 1 |  1.5
Unarmed Combat | 4 |  4.5
Axes           | |  2.4
Stealth        | |  1.0
Evocations     | |  2.1

Action                   |  1- 3 |  4- 6 || total
-------------------------+-------+-------++-------
Melee: Unarmed           |   101 |    40 ||   141
       Punch             |     2 |       ||     2
Throw: Stone             |       |     2 ||     2
  Use: Scroll            |     1 |     3 ||     4
 Stab: Sleeping          |     3 |     2 ||     5
Armor: Robe              |    31 |    13 ||    44
Dodge: Dodged            |    51 |    22 ||    73

Table legend: (Time is in decaauts)
 A = Elapsed time spent in this place.
 B = Non-inter-level travel time spent in this place.
 C = Inter-level travel time spent in this place.
 D = Time resting spent in this place.
 E = Time spent auto-exploring this place.
 F = Levels seen in this place.
 G = Mean time per level.
                   A        B        C        D        E       F      G
               +--------+--------+--------+--------+--------+-----+--------+
         Total |   1960 |   1910 |     50 |      0 |   1554 |   4 |  490.0 |
       Dungeon |   1960 |   1910 |     50 |      0 |   1554 |   4 |  490.0 |
               +--------+--------+--------+--------+--------+-----+--------+

Top non-repeatable levels by time:
     D:3: 735 daAuts
     D:2: 625 daAuts
     D:1: 587 daAuts
     D:4: 12 daAuts
